 Dungeon Crawl Stone Soup version 0.16-a0-3933-g06ce5c0 (webtiles) character file.

128 Gronka the Conjurer (level 5, -9/37 HPs)
             Began as a Human Conjurer on Feb 5, 2015.
             Killed by divine providence
             ... invoked by an orc priest
              (11 damage)
             ... on level 4 of the Dungeon.
             The game lasted 00:20:00 (3327 turns).

Gronka the Conjurer (Human Conjurer)                Turns: 3327, Time: 00:20:00

Health: -9/37      AC:  2    Str:  8    XL:     5   Next: 34%
Magic:  1/11       EV: 13    Int: 16    God:
Gold:   202        SH:  0    Dex: 14    Spells: 3 memorised, 3 levels left

rFire  . . .     SeeInvis .     (no weapon)
rCold  . . .     Clarity  .     a - +0 robe
rNeg   . . .     SustAb   .     (no shield)
rPois  .         Gourm    .     (no helmet)
rElec  .         Spirit   .     (no cloak)
rCorr  .         Warding  .     (no gloves)
rMut   .         Stasis   .     (no boots)
MR     .....                    (no amulet)
Stlth  ++........               (no ring)
                                (no ring)

@: not resistant to hostile enchantments, unstealthy
A: no striking features
a: no special abilities


You were on level 4 of the Dungeon.
You were not hungry.

You visited 1 branch of the dungeon, and saw 4 of its levels.

You collected 202 gold pieces.

Inventory:

Armour
 a - a +0 robe (worn)
Magical devices
 k - a wand of paralysis (10)
Scrolls
 b - a scroll of amnesia {unknown}
 d - a scroll of teleportation
 e - 3 scrolls of identify
 f - a scroll of remove curse {unknown}
 j - 2 scrolls of recharging
 o - a scroll of immolation {unknown}
Potions
 h - 3 potions of curing {unknown}
 i - 3 potions of poison {unknown}
 l - a potion of restore abilities {unknown}
 n - 3 potions of magic {unknown}
 q - a potion of heal wounds {unknown}
 r - a potion of berserk rage {unknown}
Books
 c - a book of Conjurations

   Spells                             Type                      Level
   a - Magic Dart                     Conjuration                  1
   b - Searing Ray                    Conjuration                  2
   c - Dazzling Spray                 Conjuration/Hexes            3
   d - Fulminant Prism                Conjuration/Hexes            4
   e - Iskenderun's Mystic Blast      Conjuration                  4
   f - Iskenderun's Battlesphere      Conjuration/Charms           5
 m - a book of Envenomations

   Spells                             Type                      Level
   a - Spider Form                    Transmutation/Poison         3
   b - Alistair's Intoxication        Transmutation/Poison         4
   c - Olgreb's Toxic Radiance        Poison                       4
   d - Poisonous Cloud                Conjuration/Poison/Air       6
Comestibles
 g - a bread ration
 p - a slice of pizza


   Skills:
 * Level 1.4 Fighting
 + Level 2.5 Dodging
 + Level 2.3 Stealth
 + Level 0.4 Unarmed Combat
 + Level 3.1 Spellcasting
 + Level 4.8 Conjurations


You had 3 spell levels left.
You knew the following spells:

 Your Spells              Type           Power        Failure   Level  Hunger
a - Magic Dart            Conj           ###.         2%          1    None
b - Searing Ray           Conj           ###...       4%          2    ##.....
c - Iskenderun's Mystic   Conj           ###.....     28%         4    ####...


Dungeon Overview and Level Annotations

Branches:
Dungeon (4/15)
 Temple: D:4-7

Altars:
Ashenzari
Dithmenos
Gozag
Okawaru
Trog
Yredelemnul


Message History

The kobold shouts!
A hobgoblin comes into view.
Casting: Magic Dart
Confirm with . or Enter, or press ? or * to list all spells.
Aiming: Magic Dart
Press: ? - help, Shift-Dir - straight line, f - hobgoblin
Aim: a hobgoblin (resting)
The magic dart hits the hobgoblin.
The hobgoblin is heavily wounded.
The hobgoblin shouts!
Something tries to affect you, but you resist.
The orc shouts!
The kobold hits you with a dagger.
* * * LOW HITPOINT WARNING * * *
The orc priest misses you.
An orc wizard appears from thin air!
Reactivating autopickup.
The orc priest calls down the wrath of Beogh upon you.
Something smites you!
You die...

.................#.....
# #.....)......###a..
#.# #..........a## #.
#.# #..........## #g#
#..........#
#.##.....o...##
#.#....Ko...#
#..g..o....###
........#......@....#
...#####...............
#..............
###......#####.
###...## ...## #..##
..##


You could see a worker ant (wandering), an orc priest, an orc wizard, an orc, a
hobgoblin and a kobold.

Vanquished Creatures
  Ijyb (D:3)
  4 adders
  3 giant geckos
  An ooze (D:1)
  3 orcs
  7 bats
  3 giant cockroaches
  12 goblins
  8 hobgoblins
  A ball python (D:1)
  8 giant newts
  7 kobolds
  17 rats
75 creatures vanquished.

Notes
Turn   | Place    | Note
--------------------------------------------------------------
     0 | D:1      | Gronka, the Human Conjurer, began the quest for the Orb.
     0 | D:1      | Reached XP level 1. HP: 13/13 MP: 3/3
   506 | D:1      | Reached XP level 2. HP: 19/19 MP: 0/4
   659 | D:1      | Learned a level 2 spell: Searing Ray
   878 | D:1      | Reached XP level 3. HP: 21/25 MP: 1/6
  1173 | D:2      | Reached skill level 1 in Fighting
  1192 | D:2      | Found an iron altar of Okawaru.
  1563 | D:2      | Found a shadowy altar of Dithmenos.
  1574 | D:2      | Found an opulent altar of Gozag.
  1815 | D:2      | Reached XP level 4. HP: 32/32 MP: 2/8
  1914 | D:2      | Learned a level 4 spell: Iskenderun's Mystic Blast
  2453 | D:3      | Found a basalt altar of Yredelemnul.
  2478 | D:3      | Noticed Ijyb
  2483 | D:3      | Paralysed by Ijyb for 4 turns
  2491 | D:3      | Paralysed by Ijyb for 6 turns
  2509 | D:3      | Paralysed by Ijyb for 7 turns
  2545 | D:3      | Killed Ijyb
  2635 | D:3      | Reached XP level 5. HP: 37/37 MP: 2/10
  2682 | D:3      | Found a shattered altar of Ashenzari.
  2924 | D:3      | Found a bloodstained altar of Trog.
  3304 | D:4      | HP: 1/37 [orc priest/divine providence (11)]
  3323 | D:4      | HP: 1/37 [kobold/dagger (2)]
  3327 | D:4      | Killed from afar by an orc priest

Action                   |  1- 3 |  4- 6 || total
-------------------------+-------+-------++-------
Melee: Unarmed           |    39 |       ||    39
 Cast: Magic Dart        |    70 |    80 ||   150
       Searing Ray       |     4 |       ||     4
       Iskenderun's Myst |       |     5 ||     5
  Use: Scroll            |       |     4 ||     4
  Eat: Bread ration      |     1 |     2 ||     3
